 Dungeon Crawl Stone Soup version 0.28.0-53-g5a82cb258f (webtiles) character file.

Game seed: 14778224411487061337

691 styxcanada the Covert (level 7, -15/35 HPs)
             Began as a Spriggan Brigand on June 1, 2022.
             Killed by divine providence
             ... invoked by an orc priest
              (17 damage)
             ... on level 4 of the Dungeon.
             The game lasted 00:15:46 (4566 turns).

styxcanada the Covert (Spriggan Brigand)            Turns: 4566, Time: 00:15:46

Health: -15/35     AC:  3    Str:  7    XL:     7   Next: 36%
Magic:  11/11      EV: 17    Int: 12    God:
Gold:   227        SH:  5    Dex: 19    Spells: 9/11 levels left

rFire   . . .      SeeInvis +   h - +1 dagger (venom)
rCold   . . .      Faith    .   m - +0 buckler
rNeg    . . .      Spirit   .   b - +0 robe
rPois   .          Reflect  .   (helmet restricted)
rElec   .          Harm     .   c - +0 cloak
rCorr   .          Rampage  .   (gloves unavailable)
Will    +....                   (boots unavailable)
Stlth   +++++.....              (no amulet)
HPRegen 0.11/turn               (no ring)
MPRegen 0.12/turn               (no ring)

@: very quick
A: very small, no large weapons, unfitting armour, see invisible, speed 3
a: no special abilities


You were on level 4 of the Dungeon.
You visited 1 branch of the dungeon, and saw 4 of its levels.

You collected 227 gold pieces.

Inventory:

Hand Weapons
 a - a +2 dagger
 h - a +1 dagger of venom (weapon)
 o - a +0 hunting sling
 t - a +2 dagger of draining
 v - a +2 dagger of speed
Missiles
 d - 6 poisoned darts (quivered)
 e - 2 curare-tipped darts
 i - 87 stones
 j - 70 sling bullets
 p - 2 throwing nets
Armour
 b - a +0 robe (worn)
 c - a +0 cloak (worn)
 m - a +0 buckler (worn)
Magical Staves
 u - a staff of cold
Scrolls
 g - a scroll of vulnerability
 k - 3 scrolls of identify
 l - a scroll of teleportation
Potions
 f - 3 potions of curing
 n - a potion of resistance
 q - 2 potions of haste
 r - a potion of might {unknown}
 s - a potion of magic {unknown}


   Skills:
 * Level 2.5 Fighting
 + Level 3.2 Short Blades
 + Level 1.3(2.7) Slings
 + Level 3.0(3.1) Throwing
 * Level 3.4 Dodging
 * Level 10.1 Stealth
 * Level 2.5 Spellcasting
 * Level 1.7 Hexes
 * Level 1.1 Ice Magic


You had 9 spell levels left.
You knew the following spells:

 Your Spells              Type           Power      Damage    Failure   Level
a - Ensorcelled Hibernat  Hex/Ice        10%        N/A       43%         2

Your spell library contained the following spells:

 Spells                   Type           Power      Damage    Failure   Level
 Spider Form              Tmut/Pois      1%         N/A       86%         3
 Anguish                  Hex/Necr       1%         N/A       98%         4


Dungeon Overview and Level Annotations

Branches:
Dungeon (4/15)
 Temple: D:4-7

Altars:
Ashenzari


Innate Abilities, Weirdness & Mutations

You are very small and have problems with some larger weapons.
You are too small for most types of armour.
You have supernaturally acute eyesight. (SInv)
You cover ground extremely quickly. (Speed+++)


Message History

The goblin barely misses you.
You hit the goblin.
The goblin looks as sick as possible!
The goblin is heavily wounded.
You kill the goblin!
You see here a +2 dagger of speed.
v - a +2 dagger of speed
There is an open door here.
f - 3 potions of curing (gained 1)
Found a stone staircase leading up.
There is a stone staircase leading down here.
Found 23 arrows.
Found a stone staircase leading up. 2 orcs and 2 orc priests come into view.
Found a club.
Found a stone staircase leading down.
The orc priest shouts!
You hear a shout!
You barely miss the orc priest. The orc priest closely misses you.
You closely miss the orc priest.
An orc wizard comes into view. It is wielding a +0 dagger.
The orc priest hits you with a +0 flail!
The orc priest shouts!
Throw: 8 darts (poison)
Press: ? - help, Q - select action, (/) - cycle Shift-Dir - straight line, f - orc
Aim: an orc, wielding a +0 hand axe (63% to hit)
You throw a poisoned dart.
The poisoned dart barely misses the orc.
The orc priest mumbles some strange prayers to Beogh against you.
Beogh smites you!
You closely miss the orc. The orc barely misses you.
The orc priest calls down the wrath of Beogh upon you.
Beogh smites you!
* * * LOW HITPOINT WARNING * * *
Throw: 7 darts (poison)
Press: ? - help, Q - select action, (/) - cycle Shift-Dir - straight line, f/p - orc
Aim: an orc, wielding a +0 hand axe (63% to hit)
You throw a poisoned dart.
The poisoned dart barely misses the orc.
The poisoned dart closely misses the orc priest.
The orc priest calls down the wrath of Beogh upon you.
Beogh smites you!
You die...

..........).........[. ..
.......#......##.##.##.#.##..#.##
...............†............>)...
####...#.....####............#.#
#...###.#.# #...............
#...###.#.###.#########..o# .#
###.......#...........o.#...#..#
##.........#.###....o.oo(#......#
##..............@)....##........#
##........##......###.##.#<.....#
##...........####.# #.##.##.##..#
##.#.####..#...##.# #.##.# .# .#
.#.#.##....#.#.##.# #(##.. ..
.#.#.#.#...[.#....# #.#### ...
#.#.#.#.#.##......# #.# #...
.#.#.#.#..#..#.#.## #.. .###
#.#.#.#.#.#....#.# ###


You could see an orc priest, an orc wizard and 2 orcs.

Vanquished Creatures
  Grinder (D:3)
  Menkaure (D:4)
  An ogre (D:4)
  2 hounds (D:4)
  An orc priest (D:3)
  An orc wizard (D:3)
  8 adders
  7 gnolls
  An adder skeleton (D:3)
  A worm (D:2)
  2 dart slugs
  4 orcs
  8 ball pythons
  2 endoplasms
  A giant cockroach (D:1)
  4 goblins
  2 hobgoblins
  5 quokkas
  3 bats (D:2)
  3 frilled lizards (D:1)
  8 kobolds
  2 quokka skeletons (D:3)
  4 rats
72 creatures vanquished.

Vanquished Creatures (others)
  A withered plant (D:3)
1 creature vanquished.

Grand Total: 73 creatures vanquished

Notes
Turn   | Place    | Note
-------+----------+-------------------------------------------
     0 | D:1      | styxcanada the Spriggan Brigand began the quest for the
                  | Orb.
     0 | D:1      | Reached XP level 1. HP: 10/10 MP: 2/2
    19 | D:1      | Reached skill level 6 in Stealth
    72 | D:1      | Found a faded altar of an unknown god.
   253 | D:1      | Reached XP level 2. HP: 14/14 MP: 3/3
   763 | D:2      | Reached skill level 7 in Stealth
   763 | D:2      | Reached XP level 3. HP: 6/18 MP: 4/4
  1484 | D:2      | Reached XP level 4. HP: 18/23 MP: 5/5
  1885 | D:3      | Noticed Grinder
  1890 | D:3      | Killed Grinder
  1891 | D:3      | Reached skill level 9 in Stealth
  1891 | D:3      | Reached skill level 1 in Spellcasting
  1891 | D:3      | Reached XP level 5. HP: 24/26 MP: 5/8
  1905 | D:3      | Reached XP level 6. HP: 21/30 MP: 6/9
  1909 | D:3      | Learned a level 2 spell: Ensorcelled Hibernation
  3489 | D:3      | Reached skill level 1 in Hexes
  4063 | D:4      | Found a broken altar of Ashenzari.
  4077 | D:4      | Reached skill level 1 in Slings
  4077 | D:4      | Reached XP level 7. HP: 35/35 MP: 11/11
  4286 | D:4      | Noticed Menkaure
  4291 | D:4      | Killed Menkaure
  4292 | D:4      | Reached skill level 10 in Stealth
  4292 | D:4      | Reached skill level 1 in Ice Magic
  4557 | D:4      | HP: 1/35 [orc priest/divine providence (11)]
  4566 | D:4      | Killed from afar by an orc priest

Illustrated notes

Levels and vault maps discovered:
D:1:      minmay_arrival_jagged, layout_rooms,
          ebering_ecumenical_altar_petrified, kennysheep_small_spiral,
          minmay_tetromino_i4
D:2:      kennysheep_big_flooded_room, layout_rooms
D:3:      layout_basic, serial_undead, serial_undead_c, serial_undead_b,
          serial_undead_f, serial_undead_b, minmay_misc_feat_x,
          minmay_surrounded, uniq_grinder
D:4:      layout_basic, nicolae_overflow_crystal_walls, uniq_menkaure

Skill      XL: |  1  2  3  4  5  6  7 |
---------------+----------------------+-----
Stealth        | 6 7 9 10 | 10.1
Dodging        | 2 3 |  3.4
Fighting       | 2 |  2.5
Spellcasting   | 1 2 |  2.5
Hexes          | 1 |  1.7
Short Blades   | 3 |  3.2
Slings         | 1 |  1.3
Throwing       | 3 |  3.0
Ice Magic      | 1 |  1.1

Action                   |  1- 3 |  4- 6 |  7- 9 || total
-------------------------+-------+-------+-------++-------
Melee: Dagger            |    61 |    92 |    30 ||   183
       Punch             |       |     2 |       ||     2
 Fire: Hunting sling     |       |    18 |       ||    18
Throw: Dart              |    19 |    19 |     2 ||    40
       Stone             |       |     2 |       ||     2
  Use: Scroll            |       |     3 |     3 ||     6
 Stab: Sleeping          |    10 |     6 |     3 ||    19
       Distracted        |       |     1 |       ||     1
Armor: Robe              |     8 |     3 |     1 ||    12
Dodge: Dodged            |    39 |    60 |    21 ||   120
Block: Buckler           |       |       |     2 ||     2
